 Dungeon Crawl Stone Soup version 0.30-a0-250-g41c1d76940 (webtiles) character file.

Game seed: 8044484813383648038

1817 porpoise the Trooper (level 8, 0/68 HPs)
             Began as a Demonspawn Gladiator on Oct 13, 2022.
             Was a Believer of Wu Jian.
             Slain by a yak (7 damage)
             ... on level 8 of the Dungeon.
             The game lasted 00:24:15 (6714 turns).

porpoise the Trooper (Demonspawn Gladiator)         Turns: 6714, Time: 00:24:16

Health: 0/68       AC: 12    Str: 16    XL:     8   Next: 85%
Magic:  8/8        EV: 10    Int: 11    God:    Wu Jian [**....]
Gold:   398        SH:  0    Dex: 14    Spells: 7/7 levels left

rFire   . . .      SeeInvis .      - Unarmed
rCold   . . .      Faith    .    (no shield)
rNeg    . . .      Spirit   .    e - +1 scale mail {rPois}
rPois   +          Reflect  .    n - +0 helmet
rElec   .          Harm     .    j - +0 cloak
rCorr   .          Rampage  .    (no gloves)
Will    +....                    f - +0 pair of boots
Stlth   ..........               (no amulet)
HPRegen 0.31/turn                a - ring "Malusiac" {Will+ Slay+3}
MPRegen 0.22/turn                (no ring)

@: no status effects
A: claws 1, rugged brown scales 2, magic regeneration
a: Renounce Religion, Wall Jump


You were on level 8 of the Dungeon.
You worshipped Wu Jian.
Wu Jian was pleased with you.
You visited 1 branch of the dungeon, and saw 8 of its levels.

You collected 398 gold pieces.

Inventory:

Hand Weapons
 b - a +1 sling
 c - a +0 trident
 d - a +4 club
Missiles
 m - a throwing net (quivered)
 v - a javelin
 w - 5 poisoned darts
 x - 8 boomerangs
Armour
 e - a +1 scale mail of poison resistance (worn)
 f - a +0 pair of boots (worn)
 j - a +0 cloak (worn)
 n - a +0 helmet (worn)
 B - a +0 kite shield
Jewellery
 a - the ring "Malusiac" (left claw) {Will+ Slay+3}
   (You took it off a kobold on level 2 of the Dungeon)

   [ring of willpower]

   Slay:      It affects your accuracy & damage with ranged weapons and melee
   (+3).
   Will:      It increases your willpower.
 H - a ring of ice
Wands
 q - a wand of polymorph (13)
 z - a wand of quicksilver (12)
Scrolls
 g - 2 scrolls of enchant weapon
 k - 3 scrolls of enchant armour
 o - a scroll of immolation {unknown}
 t - a scroll of teleportation {unknown}
 y - a scroll of blinking {unknown}
 A - a scroll of amnesia {unknown}
 C - a scroll of noise
 D - a scroll of acquirement {unknown}
 E - 4 scrolls of identify
 F - a scroll of poison {unknown}
 I - a scroll of vulnerability {unknown}
Potions
 h - 4 potions of heal wounds
 i - 2 potions of lignification
 l - 3 potions of invisibility
 p - a potion of magic
 r - 2 potions of curing
 s - a potion of cancellation
 u - a potion of ambrosia
 G - a potion of berserk rage {unknown}
 J - a potion of mutation {unknown}


   Skills:
 + Level 6.8 Fighting
 - Level 6.0 Polearms
 - Level 1.7 Throwing
 - Level 2.6 Dodging
 * Level 6.6 Unarmed Combat


You had 7 spell levels left.
You didn't know any spells.
Your spell library contained the following spells:

 Spells                   Type           Power      Damage    Failure   Level
 Magic Dart               Conj           0%         1d3       80%         1
 Call Imp                 Summ           0%         N/A       90%         2
 Ignite Poison            Fire/Tmut/Pois 0%         N/A       99%         3
 Mephitic Cloud           Conj/Pois/Air  0%         N/A       99%         3
 Ozocubu's Armour         Ice            0%         N/A       99%         3
 Airstrike                Air            0%         2d(0-16)  100%        4
 Sticky Flame             Conj/Fire      0%         2d3       100%        4
 Summon Lightning Spire   Summ/Air       0%         N/A       100%        4
 Lightning Bolt           Conj/Air       0%         1d11      100%        5
 Ozocubu's Refrigeration  Ice            0%         4d7       100%        7
 Ignition                 Fire           0%         3d3       100%        8


Dungeon Overview and Level Annotations

Branches:
Dungeon (8/15)             Temple (0/1) D:5
   Lair: D:8-11

Altars:
Cheibriados
Dithmenos
Okawaru
Trog
Wu Jian
Xom
Lugonu

Shops:
D:1 =

Portals:
Abyss: D:4

Annotations:
D:1 1 transporter
D:4 2 runed translucent doors


Innate Abilities, Weirdness & Mutations

You have sharp fingernails.
You are mostly covered in rugged brown scales. (AC +2, +5% HP)
You regenerate magic rapidly.


Message History

You spin and attack the yak.
The yak bellows! x2
You scratch the yak but do no damage. You claw the yak.
The yak is lightly wounded.
The yak gores you but does no damage.
A yak comes into view.
The yak gores you.
The yak bellows!
You scratch the yak.
The yak is lightly wounded.
You spin and attack the yak repeatedly.
You scratch the yak but do no damage.
The yak is lightly wounded.
You claw the yak!
The yak is moderately wounded.
You spin and attack the yak.
You scratch the yak.
The yak is lightly wounded.
The yak gores you. x2; The yak barely misses you.
There is nothing to wall jump against here.
You barely miss the yak.
The yak is moderately wounded.
The yak gores you but does no damage. The yak gores you!
The yak gores you but does no damage. x2
You barely miss the yak. Your claw misses the yak.
The yak is moderately wounded.
The yak gores you. The yak closely misses you. The yak gores you.
The yak gores you but does no damage.
You scratch the yak.
The yak is moderately wounded.
The yak gores you. The yak closely misses you. The yak gores you!
* * * LOW HITPOINT WARNING * * *
The yak barely misses you.
You scratch the yak. Your claw misses the yak.
The yak is moderately wounded.
The yak gores you but does no damage. The yak gores you.
* * * LOW HITPOINT WARNING * * *
The yak gores you but does no damage. x2
You barely miss the yak.
The yak is moderately wounded.
The yak gores you but does no damage. The yak gores you!
You die...

#######
##YY.....
##@Y#
######YY##
.......Y.#
.........#
.........#
!......<.+
.........#
.........#
..........


You could see 6 yaks.

Vanquished Creatures
  Sigmund (D:3)
  2 steam dragons (D:7)
  3 black bears
  A centaur (D:6)
  A phantom (D:4)
  2 bullfrogs (D:7)
  A necrophage (D:7)
  2 howler monkeys
  5 hounds
  An orc priest (D:5)
  A jelly (D:6)
  A gnoll bouda (D:6)
  Ijyb (D:3)
  2 iguanas
  An orc wizard (D:4)
  Natasha (thrice) (D:3)
  Robin (D:3)
  8 gnolls
  9 adders
  2 worms
  4 dart slugs
  14 orcs
  10 ball pythons
  5 endoplasms
  2 giant cockroaches
  16 goblins
  14 hobgoblins
  11 kobolds
  5 quokkas
  3 bats
  2 frilled lizards
  7 rats
141 creatures vanquished.

Vanquished Creatures (others)
  8 plants (D:2)
8 creatures vanquished.

Grand Total: 149 creatures vanquished

Notes
Turn   | Place    | Note
-------+----------+-------------------------------------------
     0 | D:1      | porpoise the Demonspawn Gladiator began the quest for the
                  | Orb.
     0 | D:1      | Reached XP level 1. HP: 16/16 MP: 1/1
   174 | D:1      | Gained mutation: You are partially covered in rugged brown
                  | scales. (AC +1, +3% HP) [demonic ancestry]
   174 | D:1      | Reached XP level 2. HP: 16/22 MP: 2/2
   632 | D:1      | Reached XP level 3. HP: 27/28 MP: 3/3
   709 | D:1      | Found Otsas's Jewellery Emporium.
  1275 | D:2      | Identified the ring "Malusiac" {Will+ Slay+3}
  1279 | D:2      | Gained mutation: You are mostly covered in rugged brown
                  | scales. (AC +2, +5% HP) [demonic ancestry]
  1279 | D:2      | Reached XP level 4. HP: 28/35 MP: 4/4
  1645 | D:3      | Noticed Robin
  1729 | D:3      | Killed Robin
  1777 | D:3      | Noticed Natasha
  1852 | D:3      | Noticed a black bear
  1854 | D:3      | Noticed Sigmund
  1873 | D:3      | Killed a black bear
  1874 | D:3      | Reached skill level 5 in Polearms
  1874 | D:3      | Reached XP level 5. HP: 35/44 MP: 5/5
  1882 | D:3      | Killed Sigmund
  1883 | D:3      | Gained mutation: You have sharp fingernails. [demonic
                  | ancestry]
  1883 | D:3      | Reached XP level 6. HP: 26/50 MP: 6/6
  2054 | D:3      | Noticed Ijyb
  2069 | D:3      | Killed Ijyb
  2143 | D:3      | Found an ornate altar of the Wu Jian Council.
  2144 | D:3      | Found a large runed translucent door.
  2145 | D:3      | Found a large runed translucent door.
  2156 | D:3      | Killed Natasha
  2157 | D:3      | Reached skill level 1 in Unarmed Combat
  2190 | D:3      | Became a worshipper of the Wu Jian Council
  2283 | D:3      | Found a faded altar of an unknown god.
  2306 | D:3      | Noticed Natasha
  2312 | D:3      | Killed Natasha
  2319 | D:3      | Noticed Natasha
  2328 | D:3      | Killed Natasha
  2691 | D:3      | Found a bloodstained altar of Trog.
  2707 | D:3      | Found a shadowy altar of Dithmenos.
  2778 | D:4      | Reached XP level 7. HP: 54/57 MP: 7/7
  2904 | D:4      | Found a large runed translucent door.
  2905 | D:4      | Found a large runed translucent door.
  2918 | D:4      | Reached * piety under Wu Jian
  2968 | D:4      | Found a corrupted altar of Lugonu.
  3201 | D:4      | Found a snail-covered altar of Cheibriados.
  3258 | D:4      | Found a one-way gate to the infinite horrors of the Abyss.
  3418 | D:5      | Entered Level 5 of the Dungeon
  3450 | D:5      | Reached skill level 5 in Fighting
  3588 | D:5      | Found a staircase to the Ecumenical Temple.
  3704 | D:5      | Found a shimmering altar of Xom.
  4366 | D:6      | Reached ** piety under Wu Jian
  4367 | D:6      | Gained mutation: You regenerate magic rapidly. [demonic
                  | ancestry]
  4367 | D:6      | Reached XP level 8. HP: 61/66 MP: 8/8
  4674 | D:6      | Reached skill level 5 in Unarmed Combat
  5022 | D:6      | Found an iron altar of Okawaru.
  6714 | D:8      | Slain by a yak

Illustrated notes

Levels and vault maps discovered:
D:1:      spicycebolla_arrival_risky_transporter, layout_basic, serial_shops,
          shop, minmay_misc_feat_tiny, nicolae_kite_square_tiling_tiny
D:2:      layout_rooms, serial_bayou_lake_a
D:3:      layout_loops_ring, good_gods_temple_1, amcnicky_altar_gilded,
          jmf_multi_god_temple2, basic_ecumenical_altar, kennysheep_nub,
          kennysheep_path_1, uniq_sigmund, uniq_natasha, uniq_ijyb, uniq_robin
D:4:      due_chaos_kobolds, layout_rooms, mainiacjoe_overflow_six_doors_small,
          chequers_serial_rivers_large_b
D:5:      layout_loops_ring, lemuel_round_altar,
          minmay_temple_entry_antechambers, hangedman_decor_peaks_small
D:6:      layout_layer_cave, mainiacjoe_overflow_24_doors,
          chequers_serial_rivers_micro_c
D:7:      layout_loops_ring, grunt_decor_one_mirror
D:8:      layout_basic, nicolae_overflow_hidden_temple

Skill      XL: |  1  2  3  4  5  6  7  8 |
---------------+-------------------------+-----
Polearms       | 3 4 5 6 |  6.0
Fighting       | 3 4 5 6 |  6.8
Unarmed Combat | 2 4 6 |  6.6
Throwing       | |  1.7
Dodging        | |  2.6

Action                   |  1- 3 |  4- 6 |  7- 9 || total
-------------------------+-------+-------+-------++-------
Melee: Trident           |   127 |   131 |   162 ||   420
       Punch             |     1 |     1 |     9 ||    11
       Unarmed           |       |       |    88 ||    88
 Fire: Sling             |       |       |    11 ||    11
Throw: Throwing net      |       |     3 |       ||     3
       Javelin           |       |     2 |     1 ||     3
Invok: Lunge             |       |     3 |    16 ||    19
       Whirlwind         |       |       |    28 ||    28
 Abil: Wall Jump         |       |       |     1 ||     1
  Use: Scroll            |       |     6 |     4 ||    10
 Stab: Sleeping          |     2 |       |       ||     2
       Held in net/web   |       |     1 |       ||     1
Armor: Leather armour    |    23 |       |       ||    23
       Ring mail         |     3 |    28 |       ||    31
       Scale mail        |       |     9 |   125 ||   134
Dodge: Dodged            |    40 |    57 |   127 ||   224

Table legend: (Time is in decaauts)
 A = Elapsed time spent in this place.
 B = Non-inter-level travel time spent in this place.
 C = Inter-level travel time spent in this place.
 D = Time resting spent in this place.
 E = Time spent auto-exploring this place.
 F = Levels seen in this place.
 G = Mean time per level.
                   A        B        C        D        E       F      G
               +--------+--------+--------+--------+--------+-----+--------+
         Total |   6776 |   6542 |    234 |    985 |   4218 |   8 |  847.0 |
       Dungeon |   6776 |   6542 |    234 |    985 |   4218 |   8 |  847.0 |
               +--------+--------+--------+--------+--------+-----+--------+

Top non-repeatable levels by time:
     D:6: 1428 daAuts
     D:3: 1304 daAuts
     D:7: 1047 daAuts
     D:1: 879 daAuts
     D:5: 796 daAuts
     D:4: 705 daAuts
     D:2: 603 daAuts
     D:8: 12 daAuts
